 Dungeon Crawl Stone Soup version 0.31-a0-846-gb3bcc0d938 (console) character file.

Game seed: 10819311752369705796

2 petzl the Sneak (level 1, -1/18 HPs)
             Began as a Formicid Delver on Oct 3, 2023.
             Slain by an iguana (12 damage)
             ... on level 4 of the Dungeon.
             The game lasted 00:01:12 (154 turns).

petzl the Sneak (Formicid Delver)                    Turns: 154, Time: 00:01:13

Health: -1/18      AC:  3    Str: 16    XL:     1   Next: 33%
Magic:  1/1        EV: 12    Int:  9    God:
Gold:   22         SH:  0    Dex: 15    Spells: 1/1 levels left

rFire   . . .        a - +0 mace
rCold   . . .        (no shield)
rNeg    . . .        b - +0 leather armour
rPois   .            (helmet unavailable)
rElec   .            (no cloak)
rCorr   .            (no gloves)
SInv    +            (no boots)
Will    .....        (no amulet)
Stlth   +++          (no ring)
HPRegen 0.23/turn    (no ring)
MPRegen 0.07/turn

%: no passive effects
@: no status effects
A: permanent stasis, dig shafts and tunnels, antennae 3, four strong arms
a: Dig, Shaft Self


You were on level 4 of the Dungeon.
You visited 1 branch of the dungeon, and saw 3 of its levels.

You collected 22 gold pieces.

Inventory:

Hand Weapons
 a - a +0 mace (weapon)
Missiles
 h - 4 stones (quivered)
Armour
 b - a +0 leather armour (worn)
Wands
 f - a wand of digging (3)
 i - a wand of charming (3)
Scrolls
 c - a scroll of fog
 d - a scroll of revelation
 e - a scroll of fear
 g - a scroll of immolation {unknown}


   Skills:
 - Level 3.2 Fighting
 - Level 2.0 Maces & Flails
 - Level 1.7 Dodging
 - Level 6.0 Stealth
 + Level 0.6 Spellcasting


You had one spell level left.
You didn't know any spells.
Your spell library contained the following spells:

 Spells                   Type           Power      Damage    Failure   Level
 Hailstorm                Conj/Ice       0%         3d3       82%         3
 Summon Ice Beast         Ice/Summ       0%         N/A       99%         4
 Simulacrum               Ice/Necr       0%         N/A       100%        6


Dungeon Overview and Level Annotations

Branches:
Dungeon (6/15)
 Temple: D:4-7

Altars:
Wu Jian


Innate Abilities, Weirdness & Mutations

You cannot be hasted, slowed, berserked, paralysed or teleported.
You can dig through walls and to a lower floor.
You have a pair of large antennae on your head. (SInv)
Your four strong arms can wield two-handed weapons with a shield.


Message History

Gang up on whom?
Press: ? - help, Dir - move target, f - orc, p - adder
Aim: an orc, wielding a +0 dagger Attack!
Your adder bites the orc.
The orc hits your adder with a +0 dagger.
Your adder bites the orc.
The orc completely misses your adder.
Your adder bites the orc.
The orc closely misses your adder.
Your adder bites the orc.
The orc dies!
Found an ornate altar of the Wu Jian Council.
What are your orders? t - Shout!
Orders for allies: a - Attack new target. r - Retreat! s - Stop attacking. g - Guard the area. f - Follow me.
Anything else - Cancel.
Guard this area!
You swap places.
An adder comes into view.
You see here a +0 dagger {!f =f}.
The adder hisses angrily.
The iguana hisses angrily.
The iguana hisses menacingly.
There is a stone staircase leading up here.
The iguana bites you.
You climb upwards.
The jackal barks!
You hear a bark!
Found 14 gold pieces and a long glass wand.
Found an escape hatch in the ceiling.
There is a stone staircase leading down here.
An endoplasm and a jackal come into view.
The endoplasm moves out of view.
You closely miss the jackal.
The jackal barks!
The jackal closely misses you. The iguana bites you.
A shadow imp comes into view.
The jackal closely misses you. The iguana attacks as it pursues you!
The iguana bites you!
Ouch! That really hurt!
You die...

♣# #..5♣. #.
##.....#./
.....J.$.
......#.. ...
...#..#.# ....
.....hh###.....
###..h@<..#
#....lh.#.#
....#.>...# ..
#.....# #######


You could see an iguana and 4 jackals.

Vanquished Creatures (collateral kills)
  An orc (D:5)
1 creature vanquished.

Notes
Turn   | Place    | Note
-------+----------+-------------------------------------------
     0 | D:5      | petzl the Formicid Delver began the quest for the Orb.
     0 | D:5      | Reached XP level 1. HP: 18/18 MP: 1/1
    64 | D:5      | Noticed an iguana
    72 | D:5      | You fall into a shaft and drop 1 floor!
   106 | D:5      | Noticed an iguana
   128 | D:5      | Found an ornate altar of the Wu Jian Council.
   154 | D:4      | Slain by an iguana

Illustrated notes

Levels and vault maps discovered:
D:4:      layout_rooms, mainiacjoe_overflow_alcove_1, serial_demonic,
          serial_demonic_g, serial_demonic_e, serial_demonic_b,
          serial_demonic_c, st_stairs_7, nicolae_kite_square_tiling_tiny,
          grunt_ministairs_3
D:5:      layout_rooms, mainiacjoe_overflow_alcove_2
D:6:      layout_loops_cross, minitemple, marbit_many_paths,
          minmay_temple_entry_drinking_statues, enter_ossuary_2, serial_shops,
          shop, kennysheep_generic_room_13, uniq_grinder

Action                     || total
---------------------------++-------
  Melee: Mace              ||     1
Ability: Shaft Self        ||     1
  Evoke: Wand              ||     1
 Armour: Leather armour    ||     6
  Dodge: Dodged            ||     5

Table legend: (Time is in decaauts)
 A = Elapsed time spent in this place.
 B = Non-inter-level travel time spent in this place.
 C = Inter-level travel time spent in this place.
 D = Time resting spent in this place.
 E = Time spent auto-exploring this place.
 F = Levels seen in this place.
 G = Mean time per level.
                   A        B        C        D        E       F      G
               +--------+--------+--------+--------+--------+-----+--------+
         Total |    154 |    154 |      0 |      0 |     39 |   3 |   51.3 |
       Dungeon |    154 |    154 |      0 |      0 |     39 |   3 |   51.3 |
               +--------+--------+--------+--------+--------+-----+--------+

Top non-repeatable levels by time:
     D:5: 146 daAuts
     D:6: 4 daAuts
     D:4: 3 daAuts
